 Dungeon Crawl Stone Soup version 0.31-a0-986-g5e6e4ef867 (webtiles) character file.

Game seed: 9490259084595491775

133 Persephone the Chopper (level 4, -12/35 HPs)
             Began as a Demonspawn Berserker on Nov 9, 2023.
             Was a Believer of Trog.
             Mangled by an ogre
             ... wielding a +0 giant club
              (26 damage)
             ... on level 4 of the Dungeon.
             The game lasted 00:02:26 (2292 turns).

Persephone the Chopper (Demonspawn Berserker)       Turns: 2292, Time: 00:02:26

Health: -12/35     AC:  5    Str: 19    XL:     4   Next: 94%
Magic:  4/4        EV: 11    Int:  8    God:    Trog [**....]
Gold:   143        SH:  0    Dex: 13    Spells: 3/3 levels left

rFire   . . .        g - +0 hand axe (freeze)
rCold   . . .        j - orb {*Rage}
rNeg    + . .        e - +0 ring mail {rN+}
rPois   .            (helmet restricted)
rElec   .            (no cloak)
rCorr   .            (no gloves)
SInv    .            (no boots)
Will    .....        (no amulet)
Stlth   +            n - +4 ring of slaying
HPRegen 0.25/turn    (no ring)
MPRegen 0.09/turn

%: random rage (20%)
@: on berserk cooldown, slowed, very slow
A: horns 1, demonic magic 1
a: Renounce Religion, Berserk, Trog's Hand


You were on level 4 of the Dungeon.
You worshipped Trog.
Trog was pleased with you.
You visited 1 branch of the dungeon, and saw 4 of its levels.

You collected 143 gold pieces.

Inventory:

Hand Weapons
 a - a +0 hand axe
 g - a +0 hand axe of freezing (weapon)
Armour
 b - a +0 animal skin
 e - a +0 ring mail of positive energy (worn)
 j - an orb of wrath (worn)
Jewellery
 n - a +4 ring of slaying (left hand)
Scrolls
 c - 4 scrolls of identify {unknown}
 d - a scroll of enchant weapon {unknown}
 k - a scroll of noise {unknown}
 l - a scroll of revelation {unknown}
 o - a scroll of immolation {unknown}
Potions
 f - a potion of haste {unknown}
 h - a potion of curing {unknown}
 i - a potion of resistance {unknown}
 m - a potion of degeneration {unknown}


   Skills:
 - Level 3.0 Fighting
 + Level 5.2 Axes
 - Level 1.7 Armour
 - Level 1.7 Dodging


You had 3 spell levels left.
You didn't know any spells.
Your spell library was empty.

Dungeon Overview and Level Annotations

Branches:
Dungeon (4/15)
 Temple: D:4-7

Altars:
Wu Jian


Innate Abilities, Weirdness & Mutations

You have a pair of small horns on your head.
Spells you cast may paralyse adjacent enemies.


Message History

You feel your anger nearly subside.
Calm down first, please.
You are no longer berserk.
You are exhausted.
You feel yourself slow down.
Auto Killed stopped - Key pressed Key pressed, stopping explore.
HP restored.
Auto kill stopped - Too dangerous: Extremely Dangerous (1) Dangerous (0) Easy (0) Harmless (1)
A giant cockroach and an ogre come into view.
The giant cockroach misses you.
You hit the giant cockroach. You freeze the giant cockroach.
You kill the giant cockroach!
Trog accepts your kill.
You barely miss the ogre. Your headbutt misses the ogre.
The ogre barely misses you.
You hit the ogre. You freeze the ogre. You headbutt the ogre!
The ogre is heavily wounded.
The ogre hits you with a +0 giant club!!
Ouch! That really hurt!
You are too injured to fight recklessly!
You are too injured to fight recklessly!
You are too injured to fight recklessly!
You are too injured to fight recklessly!
You are too injured to fight recklessly!
You are too injured to fight recklessly!
You are too injured to fight recklessly!
You are too injured to fight recklessly!
You are too injured to fight recklessly!
You are too injured to fight recklessly!
You are too injured to fight recklessly!
You are too injured to fight recklessly!
You are too injured to fight recklessly!
You are too injured to fight recklessly!
You are too injured to fight recklessly!
You hit the ogre. You freeze the ogre.
The ogre is severely wounded.
The ogre hits you with a +0 giant club!!
Ouch! That really hurt!
You die...

. .# . .# ..
##... #. .O.. ##.
.#.# #...###.#.#
#.†@O...#
####...## #...#
#...# #...#
..#####...######
......)....<...#
#...............#
.......(.......^#


You could see an ogre.

Vanquished Creatures
  7 adders (D:3)
  4 dart slugs
  2 orcs
  4 endoplasms
  2 giant cockroaches
  9 hobgoblins
  2 quokkas
  15 ball pythons
  5 bats
  A frilled lizard (D:1)
  7 kobolds
  4 rats
62 creatures vanquished.

Notes
Turn   | Place    | Note
-------+----------+-------------------------------------------
     0 | D:1      | Persephone the Demonspawn Berserker began the quest for the
                  | Orb.
     0 | D:1      | Reached XP level 1. HP: 18/18 MP: 1/1
   153 | D:1      | Reached skill level 3 in Axes
   248 | D:1      | Gained mutation: Spells you cast may paralyse adjacent
                  | enemies. [demonic ancestry]
   248 | D:1      | Reached XP level 2. HP: 17/24 MP: 2/2
   828 | D:1      | Reached XP level 3. HP: 28/29 MP: 3/3
  1295 | D:2      | Found an ornate altar of the Wu Jian Council.
  1300 | D:2      | Reached skill level 4 in Axes
  1324 | D:2      | You fall into a shaft and drop 1 floor!
  1373 | D:3      | Reached ** piety under Trog
  1625 | D:3      | Gained mutation: You have a pair of small horns on your
                  | head. [demonic ancestry]
  1625 | D:3      | Reached XP level 4. HP: 35/35 MP: 4/4
  2182 | D:3      | Reached skill level 5 in Axes
  2287 | D:4      | Noticed an ogre
  2292 | D:4      | Mangled by an ogre

Illustrated notes

Levels and vault maps discovered:
D:1:      dpeg_arrival_rooms_c, layout_basic
D:2:      layout_rooms, serial_shops, shop, basic_altar, uniq_natasha
D:3:      layout_loops_ring, minmay_snake_closets
D:4:      layout_loops_cross, nicolae_uskayaw_en_pointe

Skill      XL: |  1  2  3  4 |
---------------+-------------+-----
Axes           | 3 4 5 |  5.2
Fighting       | |  3.0
Armour         | |  1.7
Dodging        | |  1.7

Action                     |  1- 3 |  4- 6 || total
---------------------------+-------+-------++-------
  Melee: Hand axe          |   127 |    43 ||   170
         Punch             |     2 |       ||     2
         Headbutt          |       |    11 ||    11
 Armour: Animal skin       |    18 |       ||    18
         Ring mail         |    55 |    23 ||    78
  Dodge: Dodged            |    61 |    26 ||    87

Table legend: (Time is in decaauts)
 A = Elapsed time spent in this place.
 B = Non-inter-level travel time spent in this place.
 C = Inter-level travel time spent in this place.
 D = Time resting spent in this place.
 E = Time spent auto-exploring this place.
 F = Levels seen in this place.
 G = Mean time per level.
                   A        B        C        D        E       F      G
               +--------+--------+--------+--------+--------+-----+--------+
         Total |   2361 |   2203 |    158 |      0 |   1757 |   4 |  590.2 |
       Dungeon |   2361 |   2203 |    158 |      0 |   1757 |   4 |  590.2 |
               +--------+--------+--------+--------+--------+-----+--------+

Top non-repeatable levels by time:
     D:1: 1292 daAuts
     D:3: 998 daAuts
     D:2: 41 daAuts
     D:4: 28 daAuts
